 Dungeon Crawl Stone Soup version 0.19-a0-376-gf780d9b (webtiles) character file.

1052 nubinia the Conjurer (level 8, -2/42 HPs)
             Began as a Deep Elf Conjurer on May 30, 2016.
             Slain by tstbtto's ghost (10 damage)
             ... in an ossuary.
             The game lasted 00:35:20 (5998 turns).

nubinia the Conjurer (Deep Elf Conjurer)            Turns: 5998, Time: 00:35:21

Health: -2/42      AC:  6    Str:  5    XL:     8   Next: 5%
Magic:  20/20      EV: 14    Int: 23    God:
Gold:   284        SH:  0    Dex: 15    Spells: 4 memorised, 7 levels left

rFire  . . .     SeeInvis .     k - +0 dagger
rCold  . . .     Gourm    .     B - +2 robe {rN+}
rNeg   + . .     Faith    .     (no shield)
rPois  .         Spirit   .     j - +1 helmet
rElec  .         Dismiss  .     (no cloak)
rCorr  .         Reflect  .     (no gloves)
SustAt +         Harm     .     (no boots)
MR     +....                    (no amulet)
Stlth  +++.......               y - ring of sustain attributes
                                d - ring of protection from magic

@: very slightly contaminated, hasted and slowed, somewhat resistant to hostile
enchantments, fairly stealthy
A: no striking features
a: no special abilities


You were in an ossuary.
You were not hungry.

You visited 1 branch of the dungeon, and saw 5 of its levels.
You also visited: Ossuary.

You collected 284 gold pieces.

Inventory:

Hand Weapons
 b - a +0 blowgun
 k - a +0 dagger (weapon)
Missiles
 x - 7 curare-tipped needles
Armour
 j - a +1 helmet (worn)
 q - a +0 robe
 B - a +2 robe of positive energy (worn)
Magical Staves
 a - an uncursed staff of poison
Jewellery
 d - a ring of protection from magic (left hand)
 y - a ring of sustain attributes (right hand)
Wands
 u - a wand of acid (13/15)
Scrolls
 f - a scroll of fear
 g - 3 scrolls of remove curse
 h - a scroll of fog
 i - 2 scrolls of identify
 p - a scroll of blinking {unknown}
 t - a scroll of teleportation
 v - a scroll of holy word {unknown}
 C - a scroll of immolation {unknown}
 D - a scroll of amnesia {unknown}
Potions
 e - 2 potions of curing
 l - a potion of might
 m - 4 potions of brilliance
 n - 3 potions of mutation
 o - a potion of cancellation
 r - a potion of flight
 s - a potion of lignification {unknown}
 z - a potion of ambrosia {unknown}
 A - a potion of agility
Books
 w - a book of Conjurations

   Spells                             Type                      Level
   a - Magic Dart                     Conjuration                  1
   b - Searing Ray                    Conjuration                  2
   c - Dazzling Spray                 Conjuration/Hexes            3
   d - Fulminant Prism                Conjuration/Hexes            4
   e - Iskenderun's Mystic Blast      Conjuration                  4
   f - Iskenderun's Battlesphere      Conjuration/Charms           5
Comestibles
 c - 3 bread rations


   Skills:
 + Level 0.7 Fighting
 + Level 0.2 Short Blades
 + Level 3.8 Dodging
 + Level 4.2 Stealth
 + Level 6.7 Spellcasting
 + Level 7.1 Conjurations
 + Level 7.0 Charms


You had 7 spell levels left.
You knew the following spells:

 Your Spells              Type           Power        Failure   Level  Hunger
a - Magic Dart            Conj           ####         1%          1    None
b - Iskenderun's Mystic   Conj           #####...     6%          4    ###....
c - Dazzling Spray        Conj/Hex       ###...       8%          3    None
i - Iskenderun's Battles  Conj/Chrm      #####...     14%         5    #####..


Dungeon Overview and Level Annotations

Branches:
Dungeon (5/15)
 Temple: D:4-7

Altars:
Trog

Annotations:
D:2 Sigmund
D:3 Grinder
D:4 Duffy's ghost, amateur DEAE Ossuary tstbtto's ghost, novice MiCK


Message History

You see here 18 gold pieces.
You now have 284 gold pieces (gained 18).
Tstbtto's ghost misses you.
You see here a potion of brilliance.
m - 4 potions of brilliance (gained 1) Tstbtto's ghost hits you.
You feel yourself slow down. Tstbtto's ghost closely misses you.
Tstbtto's ghost barely misses you.
You see here a scroll of identify.
i - 2 scrolls of identify (gained 1) Tstbtto's ghost hits you!
Tstbtto's ghost burns you. Tstbtto's ghost barely misses you.
You see here a scroll labeled GYICKI YLOZED.
You feel yourself speed up. Tstbtto's ghost misses you.
C - a scroll labeled GYICKI YLOZED Tstbtto's ghost hits you.
* * * LOW HITPOINT WARNING * * *
Tstbtto's ghost burns you.
* * * LOW HITPOINT WARNING * * *
Tstbtto's ghost hits you!
You die...

#..#.'....#....#....#....#.'..#
#..#.#.........#.........#.#..#
#..'.####......#......####.#..#
#..###....'..............###..#
#..#.'...................#.'..#
#..#.#...................'.#W.#
#..'.#...................#.#..#
#..########....∩....########..#
#..#.'.........@.........'.'..#
#..#.#.........W.........#.#..#
#..'.#...................#.#..#
#..###...................###..#
#..# ####......#......####.'..#
#..# ........#.........#.#..#
#..+ ....#....#....#....'.#..#
#..# ....#....#....#....###..#
#..#. .. #....#....#....#.'..#


You could see tstbtto's ghost.

Vanquished Creatures
  A sky beast (D:5)
  2 ogres (D:4)
  3 wights (D:3)
  A hound (D:4)
  An orc priest (D:4)
  2 centaur zombies (Ossuary)
  4 orc wizards
  An iguana (D:4)
  3 worker ants
  3 ogre zombies (Ossuary)
  A big kobold zombie (Ossuary)
  6 mummies (Ossuary)
  5 adders
  2 oozes (D:2)
  6 adder zombies (Ossuary)
  4 worms
  3 dart slugs
  2 giant geckos
  6 orcs
  2 ball pythons (D:2)
  4 giant cockroaches
  5 goblins
  6 hobgoblins
  17 jackals
  2 quokkas
  13 bats
  4 giant newts
  4 goblin zombies (Ossuary)
  5 hobgoblin zombies (Ossuary)
  7 kobolds
  2 kobold zombies (Ossuary)
  2 quokka zombies (Ossuary)
  7 rats
  4 rat zombies (Ossuary)
140 creatures vanquished.

Notes
Turn   | Place    | Note
--------------------------------------------------------------
     0 | D:1      | nubinia the Deep Elf Conjurer began the quest for the Orb.
     0 | D:1      | Reached XP level 1. HP: 10/10 MP: 6/6
   222 | D:1      | Reached XP level 2. HP: 15/15 MP: 6/8
   620 | D:1      | Reached skill level 5 in Conjurations
   791 | D:2      | Reached XP level 3. HP: 19/19 MP: 6/9
   935 | D:2      | Noticed Sigmund
  1749 | D:2      | Reached XP level 4. HP: 24/24 MP: 7/11
  1755 | D:2      | Learned a level 4 spell: Iskenderun's Mystic Blast
  1902 | D:2      | Found a bloodstained altar of Trog.
  2032 | D:3      | Noticed Grinder
  2202 | D:3      | Learned a level 3 spell: Dazzling Spray
  2626 | D:3      | Reached XP level 5. HP: 28/28 MP: 7/13
  3245 | D:3      | Reached skill level 5 in Spellcasting
  3294 | D:4      | Noticed Duffy's ghost (amateur DEAE)
  3384 | D:3      | Reached XP level 6. HP: 18/33 MP: 2/15
  4020 | D:4      | Learned a level 5 spell: Iskenderun's Battlesphere
  4192 | D:4      | Reached skill level 1 in Charms
  4192 | D:4      | Reached XP level 7. HP: 35/37 MP: 7/18
  4716 | D:4      | Reached skill level 5 in Charms
  4883 | D:5      | Entered Level 5 of the Dungeon
  4968 | D:5      | Found a sand-covered staircase.
  5022 | Ossuary  | Entered an ossuary
  5251 | Ossuary  | Noticed tstbtto's ghost (novice MiCK)
  5811 | Ossuary  | Reached XP level 8. HP: 35/42 MP: 9/20
  5998 | Ossuary  | Slain by tstbtto's ghost

Vault maps used:
D:1:      nicolae_arrival_memento_mori
D:2:      bloody_trog, uniq_sigmund
D:3:      first_bread, uniq_grinder
D:5:      chequers_ossuary_entry_cave
Ossuary:  ossuary_boxes_badplayer

Skill      XL: |  1  2  3  4  5  6  7 |
---------------+----------------------+-----
Conjurations   | 5 6 7 |  7.1
Stealth        | 3 4 |  4.2
Spellcasting   | 4 5 6 |  6.7
Dodging        | 3 |  3.8
Charms         | 1 7 |  7.0
Fighting       | |  0.7
Short Blades   | |  0.2

Action                   |  1- 3 |  4- 6 |  7- 9 || total
-------------------------+-------+-------+-------++-------
Melee: Dagger            |     1 |       |    95 ||    96
       Staff             |     4 |     3 |     2 ||     9
 Cast: Magic Dart        |    90 |   155 |    95 ||   340
       Iskenderun's Myst |       |     8 |     9 ||    17
       Iskenderun's Batt |       |       |     7 ||     7
  Use: Scroll            |     4 |     2 |    10 ||    16
       Potion            |       |     2 |     2 ||     4
 Stab: Sleeping          |     2 |       |    12 ||    14
  Eat: Chunk             |     2 |     7 |     3 ||    12
       Pizza             |       |     1 |       ||     1
       Meat ration       |       |       |     1 ||     1
       Royal jelly       |       |       |     1 ||     1
Armor: Robe              |     2 |     5 |    43 ||    50
Dodge: Dodged            |    11 |    20 |   102 ||   133
